Map: Jagannatha LE

Players

Grimfaith

  • Race: Zerg Zerg
  • League: Platinum
  • Spawn Location: 1:00

ViBE - Winner!

  • Race: Zerg Zerg
  • League: Platinum
  • Spawn Location: 7:00

VOD

Have the link to the VOD?

Description

Time

  • Played on: March 31, 2021, 12:53 a.m.
  • Length: 15:28
Show
View Real Time Build Order
Export as new Build Order

Grimfaith Zerg 

Build Orders: Hatch First, Roach Hydra 

Get SALT Encoding   

  12  0:03  Drone  
  13  0:12  Overlord  
  13  0:20  Drone  
  14  0:31  Drone x2  
  16  0:51  Hatchery  
  16  0:54  Drone  
  16  0:57  Drone  
  16  1:02  Drone  
  18  1:06  Extractor  
  18  1:07  Drone  
  18  1:18  Drone  
  18  1:25  Spawning Pool  
  18  1:29  Drone  
  20  1:40  Drone  
  20  1:50  Overlord  
  21  2:01  Drone  
  21  2:04  Drone  
  22  2:13  Queen  
  22  2:14  Queen  
  26  2:16  Zergling x2  
  26  2:17  Zergling x2  
  26  2:19  Metabolic Boost  
  28  2:23  Drone  
  29  2:33  Drone  
  29  2:35  Drone x2  
  32  2:46  Drone  
  32  2:47  Drone  
  34  2:55  Overlord  
  34  2:57  Drone  
  35  3:07  Drone  
  35  3:10  Overlord  
  36  3:16  Drone  
  37  3:21  Drone  
  39  3:27  Drone x3  
  39  3:30  Drone, Overlord  
  39  3:31  Drone  
  43  3:42  Drone  
  43  3:43  Drone  
  43  3:46  Extractor  
  44  3:49  Extractor  
  44  3:50  Extractor  
  44  3:51  Roach Warren  
  44  3:53  Evolution Chamber  
  40  4:05  Overlord  
  40  4:06  Drone x7  
  47  4:15  Drone x2  
  49  4:20  Zerg Missile Weapons Level 1  
  49  4:21  Overlord  
  49  4:23  Drone  
  54  4:31  Roach x2  
  54  4:33  Roach x3  
  54  4:36  Roach  
  54  4:37  Roach x2  
  66  4:45  Roach x2  
  70  4:56  Lair  
  70  4:57  Roach, Hatchery  
  71  5:01  Drone  
  72  5:10  Drone x2  
  72  5:11  Drone, Overlord  
  72  5:12  Drone  
  76  5:17  Overlord  
  76  5:25  Overlord  
  76  5:28  Queen  
  76  5:30  Drone  
  76  5:31  Drone x2  
  81  5:36  Drone  
  81  5:41  Drone  
  83  5:46  Overlord  
  83  5:52  Drone x3  
  83  5:53  Drone x3  
  83  5:56  Glial Reconstitution  
  89  5:57  Hydralisk Den  
  89  6:01  Drone x2  
  90  6:13  Drone  
  90  6:14  Drone x2  
  90  6:17  Zerg Ground Armor Level 1  
  93  6:22  Roach x3  
  99  6:26  Extractor  
  99  6:27  Extractor  
  95  6:38  Hydralisk  
  95  6:39  Hydralisk, Muscular Augments  
  99  6:42  Drone x7  
  99  6:46  Queen  
  108  6:48  Hatchery  
  108  6:51  Drone  
  108  6:53  Spine Crawler  
  107  6:54  Drone x5  
  107  6:59  Drone  
  113  7:07  Overlord  
  113  7:14  Overlord x2  
  113  7:25  Overlord x2, Hydralisk x3  
  113  7:26  Hydralisk  
  113  7:29  Overlord  
  121  7:37  Hydralisk  
  121  7:38  Hydralisk x5  
  121  7:42  Drone  
  134  7:50  Drone, Grooved Spines  
  134  7:51  Drone x2  
  137  8:00  Hydralisk x5  
  147  8:06  Hydralisk x5  
  157  8:13  Hydralisk  
  157  8:14  Hydralisk  
  161  8:20  Queen  
  161  8:21  Hydralisk x2  
  161  8:23  Overlord x2  
  167  8:31  Overlord x2  
  167  8:40  Overlord  
  167  8:42  Hydralisk x6  
  167  8:43  Hydralisk x2  
  183  8:50  Extractor  
  183  8:51  Zerg Missile Weapons Level 2  
  183  8:53  Extractor  
  181  8:57  Hydralisk x7  
  181  8:59  Lurker Den, Hydralisk  
  196  9:11  Roach  
  198  9:23  Roach x2  
  199  9:44  Hatchery, Hydralisk x10  
  198  9:45  Hydralisk  
  198  9:46  Hydralisk x2  
  198  9:48  Hydralisk x4  
  198  9:49  Hydralisk  
  198  9:51  Hydralisk  
  172  9:53  Roach  
  172  9:55  Roach  
  172  9:57  Roach  
  145  10:00  Roach  
  145  10:02  Roach  
  145  10:05  Roach  
  143  10:12  Roach x2  
  143  10:13  Roach  
  134  10:16  Roach x2  
  134  10:17  Roach  
  128  10:24  Roach x4  
  128  10:26  Roach  
  128  10:28  Drone  
  127  10:29  Drone  
  127  10:30  Drone  
  127  10:31  Drone  
  127  10:33  Drone  
  131  10:38  Drone x2  
  131  10:42  Drone x5  
  138  10:49  Drone  
  139  10:50  Drone  
  139  10:52  Drone  
  139  10:53  Drone x3  
  144  11:01  Queen  
  144  11:02  Roach x3  
  152  11:05  Roach  
  152  11:07  Hydralisk x2  
  152  11:08  Hydralisk  
  152  11:11  Hydralisk  
  160  11:16  Roach x2  
  166  11:20  Extractor  
  166  11:21  Roach x3, Extractor  
  166  11:22  Roach  
  166  11:24  Roach  
  174  11:28  Hydralisk  
  174  11:29  Hydralisk  
  174  11:30  Hydralisk  
  180  11:34  Hydralisk  
  180  11:35  Hydralisk  
  180  11:36  Hydralisk  
  186  11:42  Roach x3  
  192  11:57  Overlord  
  192  11:58  Overlord  
  192  12:05  Hatchery  
  191  12:12  Drone  
  190  12:26  Hydralisk x8  
  196  12:46  Hydralisk x8  
  196  12:47  Hydralisk x2  
  196  12:48  Hydralisk x2  
  196  12:49  Hydralisk x2  
  198  12:51  Roach x4  
  198  12:52  Roach  
  198  12:53  Roach  
  198  12:54  Roach x2  
  198  12:56  Roach  
  198  12:58  Roach  
  182  12:59  Roach  
  182  13:02  Roach  
  182  13:05  Roach x2  
  172  13:06  Roach x2  
  172  13:08  Roach  
  157  13:20  Hatchery  
  157  13:23  Drone x4  
  157  13:25  Drone  
  161  13:32  Drone x5  
  161  13:33  Drone  
  167  13:34  Drone  
  167  13:36  Drone  
  167  13:37  Drone  
  170  13:47  Drone x5  
  170  13:48  Infestation Pit  
  172  13:51  Queen  
  172  13:54  Extractor  
  172  13:55  Extractor  
  148  13:59  Hydralisk  
  148  14:00  Hydralisk x2  
  148  14:02  Hydralisk  
  130  14:04  Hydralisk  
  130  14:07  Hydralisk  
  110  14:10  Drone x2  
  110  14:12  Roach  
  110  14:13  Roach  
  110  14:15  Roach  
  112  14:17  Roach  
  112  14:19  Roach  
  118  14:24  Roach x2  
  118  14:25  Roach  
  118  14:30  Overlord  
  124  14:31  Roach  
  124  14:32  Roach  
  124  14:36  Drone x2  
  124  14:37  Drone  
  125  14:38  Drone  
  125  14:39  Drone  
  125  14:41  Drone  
  125  14:42  Drone  
  108  14:47  Roach x2  
  110  14:54  Roach x2  
  110  14:56  Roach  
  115  15:00  Roach  
  115  15:01  Roach  
Show
View Real Time Build Order
Export as new Build Order

ViBE Zerg - Winner!

Build Orders: Hatch First, Roach Hydra 

Get SALT Encoding   

  12  0:00  Drone  
  13  0:12  Overlord  
  13  0:18  Drone  
  14  0:33  Drone x2  
  16  0:51  Hatchery  
  16  0:55  Drone  
  16  1:00  Drone  
  16  1:01  Drone  
  18  1:16  Spawning Pool  
  17  1:21  Drone  
  17  1:24  Drone  
  19  1:32  Drone  
  20  1:38  Extractor  
  19  1:53  Overlord  
  19  2:00  Drone  
  20  2:07  Queen x2  
  24  2:12  Drone x3  
  27  2:17  Drone  
  28  2:25  Drone x2  
  30  2:34  Drone  
  31  2:43  Overlord  
  31  2:45  Queen  
  31  2:47  Lair  
  31  2:48  Drone x2  
  35  2:59  Drone  
  35  3:02  Overlord  
  36  3:10  Drone x2  
  38  3:18  Drone x6  
  44  3:30  Hatchery  
  44  3:31  Overlord  
  43  3:38  Extractor  
  43  3:40  Extractor  
  41  3:45  Drone x5  
  46  3:51  Drone x3  
  49  3:56  Roach Warren  
  49  3:57  Evolution Chamber  
  47  4:06  Overlord x2  
  47  4:14  Drone  
  47  4:15  Drone x3  
  51  4:20  Drone x7  
  58  4:31  Queen  
  60  4:40  Roach x3  
  60  4:43  Roach x2, Glial Reconstitution  
  60  4:45  Zerg Missile Weapons Level 1  
  70  4:49  Roach  
  70  4:50  Overlord x2  
  70  4:51  Drone x2  
  74  4:58  Drone x4  
  78  5:06  Drone x3  
  81  5:11  Extractor  
  81  5:13  Extractor  
  79  5:18  Drone x3  
  79  5:20  Hydralisk Den, Extractor  
  80  5:26  Drone x2  
  80  5:27  Drone x2  
  84  5:36  Evolution Chamber  
  84  5:41  Drone x2  
  84  5:42  Drone  
  86  5:53  Drone  
  87  5:58  Grooved Spines  
  87  6:02  Zerg Ground Armor Level 1, Hatchery  
  86  6:11  Overlord x5  
  86  6:30  Hydralisk x6  
  86  6:31  Hydralisk x7  
  112  6:34  Overseer  
  112  6:39  Hydralisk  
  112  6:41  Zerg Missile Weapons Level 2  
  112  6:45  Hydralisk  
  112  6:46  Hydralisk x2  
  120  6:47  Drone  
  120  6:48  Drone x4  
  125  7:06  Drone x7  
  132  7:10  Muscular Augments  
  132  7:19  Drone x5  
  132  7:20  Drone x4  
  132  7:22  Extractor  
  140  7:23  Extractor  
  140  7:27  Drone  
  140  7:30  Overlord  
  140  7:31  Overlord x4  
  140  7:34  Hatchery  
  139  7:44  Overlord  
  139  7:45  Overlord  
  139  7:49  Hydralisk x3  
  139  7:50  Hydralisk x3  
  151  7:57  Zerg Ground Armor Level 2  
  151  8:01  Infestation Pit  
  151  8:02  Drone  
  151  8:03  Overlord  
  153  8:13  Roach x6  
  163  8:21  Roach x3  
  163  8:22  Roach x2  
  163  8:24  Roach, Hydralisk x4  
  163  8:25  Hydralisk x3  
  189  8:41  Hydralisk x3  
  189  8:42  Hydralisk x2  
  199  8:51  Hive  
  199  9:27  Lurker Den  
  182  9:48  Roach x14  
  182  9:49  Roach x3, Hydralisk x5  
  182  9:50  Hydralisk x2  
  188  10:05  Spore Crawler  
  188  10:06  Spine Crawler  
  186  10:07  Spore Crawler  
  186  10:08  Spine Crawler  
  186  10:09  Spine Crawler  
  186  10:10  Spine Crawler, Spore Crawler  
  186  10:12  Spine Crawler x2  
  186  10:13  Spore Crawler  
  170  10:15  Spine Crawler  
  170  10:16  Spine Crawler  
  170  10:17  Spine Crawler, Spore Crawler  
  170  10:19  Spine Crawler  
  151  10:21  Extractor  
  151  10:22  Extractor  
  151  10:25  Drone  
  151  10:26  Drone x20  
  144  10:36  Overlord  
  144  10:38  Roach x2  
  144  10:39  Hydralisk x11  
  170  10:42  Overseer  
  170  10:43  Overseer  
  170  10:44  Zerg Missile Weapons Level 3  
  170  10:45  Zerg Ground Armor Level 3  
  170  10:46  Seismic Spines  
  170  10:49  Hydralisk  
  170  10:50  Hydralisk x9  
  170  10:51  Hatchery  
  189  11:21  Hydralisk  
  189  11:22  Hydralisk x4  
  189  11:24  Drone  
  200  11:40  Spine Crawler  
  200  11:41  Spine Crawler, Spore Crawler  
  200  11:43  Adaptive Talons  
  197  11:49  Hydralisk  
  197  11:50  Drone  
  198  12:49  Hydralisk x9  
  198  12:50  Hydralisk x13  
  196  12:57  Roach x11  
  198  13:05  Roach  
  198  13:06  Roach  
  198  13:07  Hydralisk x3  
  176  13:21  Hydralisk x12  
  176  13:22  Overlord, Hydralisk  
  176  13:23  Overlord x4  
  176  13:24  Overseer  
  176  13:25  Overseer  
  170  14:01  Drone x12  
  170  14:02  Drone x2  
  171  14:03  Drone x4  
  171  14:04  Drone  
  171  14:07  Hydralisk x4  
  171  14:08  Hydralisk x8  
  196  14:15  Hydralisk x2  
  196  14:16  Hatchery  
  199  14:33  Extractor  
  199  14:35  Extractor  
  197  14:43  Drone x3  
  200  14:48  Hatchery  
  199  15:03  Spine Crawler  
  199  15:06  Spine Crawler  
  195  15:17  Spore Crawler  
  195  15:18  Spine Crawler x2  
Tags
 
Add a new tag
Caveats
  • Supply blocks, unpowered buildings, or Contaminate may cause inaccurate times.
  • Supply counts are checked every 10 seconds.